cohdb
Replays
Latest Replays
All Replays
Popular Replays
Top Player Replays
Match Explorer
How It Works
Community
CoH3 Stats
Reddit
Sign in to upload your games and track your stats! →
Sign in with Steam
Match 39880681
Unlisted
Match 39880681
Overview
Messages
Build Orders
End
Vickers Machine Gun Team
Construct Section Command Post
ML 3-inch Mortar Team
Infantry Section
Infantry Section
Construct Platoon Command Post
Infantry Section
Selects Heavy Armor Battlegroup
Selects Engineer Detachments
6-pounder Anti-tank Gun Team
Grenade Package
CMP 15cwt Truck
Selects Light Vehicle Withdraw and Refit
Selects UNKNOWN (202330)
ML 3-inch Mortar Team
Vickers Machine Gun Team
Construct Company Command Post
Shylie-echo
B4
Alf027
Jerry Geralt Cheng
medivd
Jenasaie
1224700982
nightshade rose
0
0
Comments
sign in to comment!
No comments posted yet!